 Dungeon Crawl Stone Soup version 0.22-a0-281-g2e20325899 (webtiles) character file.

67 Manul the Insei (level 4, 10/31 HPs)
             Began as a Demonspawn Monk on Mar 17, 2018.
             Starved to death
             ... on level 4 of the Dungeon.
             The game lasted 00:02:49 (2123 turns).

Manul the Insei (Demonspawn Monk)                   Turns: 2123, Time: 00:02:50

Health: 10/31      AC:  6    Str: 12    XL:     4   Next: 0%
Magic:  4/4        EV: 12    Int: 11    God:
Gold:   60         SH:  0    Dex: 16    Spells: 3/3 levels left

rFire    + . .     SeeInvis .     - Unarmed
rCold    . . .     Gourm    .   (no shield)
rNeg     . . .     Faith    .   c - +0 ring mail
rPois    .         Spirit   .   (no helmet)
rElec    .         Reflect  .   (no cloak)
rCorr    .         Harm     .   d - +0 pair of gloves
MR       +....                  (no boots)
Stlth    +.........             (no amulet)
HPRegen  0.10/turn              g - ring of protection from magic
MPRegen  0.09/turn              h - ring of flight

@: very slightly contaminated, fainting
A: hooves 1, fire resistance 1, frail 1, mutation resistance 1
a: Evoke Flight


You were on level 4 of the Dungeon.
You were fainting.

You visited 1 branch of the dungeon, and saw 4 of its levels.

You collected 60 gold pieces.

Inventory:

Armour
 a - a +0 robe
 c - a +0 ring mail (worn)
 d - a +0 pair of gloves (worn)
 o - a +0 buckler
Jewellery
 g - a ring of protection from magic (left hand)
 h - a ring of flight (right hand)
Scrolls
 i - a scroll of identify
 k - a scroll of remove curse
Potions
 m - 2 potions of curing
 p - a potion of lignification {unknown}


   Skills:
 + Level 3.4 Fighting
 + Level 1.1 Armour
 + Level 3.0 Dodging
 + Level 1.9 Stealth
 + Level 3.5 Unarmed Combat


You had 3 spell levels left.
You didn't know any spells.

Dungeon Overview and Level Annotations

Branches:
Dungeon (4/15)             Temple (0/1) D:4

Altars:

Annotations:
D:2 Sigmund


Innate Abilities, Weirdness & Mutations

You have large cloven feet.
Your flesh is heat resistant. (rF+)
You are frail. (-10% HP)
You are somewhat resistant to further mutation.


Message History

The hungry ghost is severely damaged.
The hungry ghost hits you.
You feel slightly more hungry.
You barely miss the hungry ghost.
You kick the hungry ghost, but do no damage.
The hungry ghost is severely damaged.
The hungry ghost closely misses you.
You hit the hungry ghost. You kick the hungry ghost.
The hungry ghost is severely damaged.
The hungry ghost hits you.
You feel slightly more hungry.
You miss the hungry ghost. You kick the hungry ghost.
The hungry ghost is severely damaged.
The hungry ghost closely misses you.
You hit the hungry ghost but do no damage.
Your kick misses the hungry ghost.
The hungry ghost is severely damaged.
The hungry ghost closely misses you.
You miss the hungry ghost.
The hungry ghost is severely damaged.
You have starved to death.
You die...

*,*,*,*,* *,*
* *,*,#.#,*
*,* *
**##*,*,#.#,*
*,* *
*,,..,,,..#,*
*,* *
**,*#.###.#,*
*,* *
*,*#..w..#,*
*,* *
*,*###...#,*
*,* *
#.######.#,*
*,* *
#...@Ww..#,*
*,* *
##########,*
*,* * *,*
*,*** *,*
*,,,,
*,**********
*,,,,,,,,,,,
*,******,***
*** ***


You could see a hungry ghost (inner flame) and a worm (inner flame).

Vanquished Creatures
  An adder (D:2)
  An ooze (D:2)
  3 worms (D:2)
  3 dart slugs
  2 leopard geckos
  2 giant cockroaches (D:2)
  A goblin (D:3)
  5 hobgoblins
  4 kobolds
  6 bats
  6 frilled lizards
  6 rats
40 creatures vanquished.

Notes
Turn   | Place    | Note
-------+----------+-------------------------------------------
     0 | D:1      | Manul the Demonspawn Monk began the quest for the Orb.
     0 | D:1      | Reached XP level 1. HP: 18/18 MP: 1/1
   472 | D:1      | Gained mutation: You have large cloven feet. [demonic ancestry]
   472 | D:1      | Reached XP level 2. HP: 24/24 MP: 2/2
  1047 | D:2      | Reached XP level 3. HP: 26/29 MP: 3/3
  1209 | D:2      | Noticed Sigmund
  1538 | D:2      | Reached skill level 1 in Armour
  1938 | D:3      | Gained mutation: Your flesh is heat resistant. (rF+) [demonic ancestry]
  1938 | D:3      | Reached XP level 4. HP: 35/35 MP: 4/4
  2037 | D:3      | Noticed a hungry ghost
  2100 | D:4      | Gained mutation: You are frail. (-10% HP) [potion of mutation]
  2100 | D:4      | Gained mutation: You are somewhat resistant to further mutation. [potion of mutation]
  2123 | D:4      | Starved to death

Vault maps used:
D:1:      lemuel_arrival_broad_hall, grunt_decor_one_mirror
D:2:      minmay_misc_feat_nine_boxes, uniq_sigmund
D:3:      tgw_trog, serial_forest, infiniplex_forest_lined_ring,
          infiniplex_forest_clump_curved, infiniplex_forest_end_1,
          infiniplex_forest_zigzag_2, infiniplex_forest_end_double,
          infiniplex_forest_corner_1, infiniplex_forest_straight_1,
          fountainhead, uniq_natasha
D:4:      temple_pool_b, serial_shops, kennysheep_mini_moat

Skill      XL: |  1  2  3 |
---------------+----------+-----
Unarmed Combat | 3 |  3.5
Dodging        | 3 |  3.0
Armour         | 1 |  1.1
Fighting       | |  3.4
Stealth        | |  1.9

Action                   |  1- 3 |  4- 6 || total
-------------------------+-------+-------++-------
Melee: Unarmed           |   141 |    56 ||   197
       Kick              |    35 |    10 ||    45
  Use: Scroll            |       |     6 ||     6
       Potion            |       |     2 ||     2
 Stab: Sleeping          |     1 |       ||     1
  Eat: Chunk             |     3 |     4 ||     7
       Ration            |       |     3 ||     3
Armor: Ring mail         |    50 |    29 ||    79
Dodge: Dodged            |    75 |    25 ||   100

Table legend:
 A = Spawn XP
 B = Non-spawn XP
 C = Spawn XP percentage of total XP
 D = Spawn monster count
 E = Non-spawn monster count
 F = Spawn count percentage of total count
 G = Total turns spent on level
                    A         B        C        D         E        F      G
               +---------+---------+-------+---------+---------+-------+---------
         Total |       0 |      97 |   0.0 |       0 |      40 |   0.0 |  2123
               +---------+---------+-------+---------+---------+-------+---------
           D:1 |       0 |      32 |   0.0 |       0 |      18 |   0.0 |   984
           D:2 |       0 |      63 |   0.0 |       0 |      21 |   0.0 |   992
           D:3 |       0 |       2 |   0.0 |       0 |       1 |   0.0 |   103
               +---------+---------+-------+---------+---------+-------+---------
